 Dungeon Crawl Stone Soup version 0.29.0-5-ge4962eb29e (webtiles) character file.

Game seed: 10198619261047736510

352 Anothat the Shield-Bearer (level 6, -10/47 HPs)
             Began as a Gnoll Fighter on Aug 28, 2022.
             Splashed by a jelly's acid (11 damage)
             ... on level 5 of the Dungeon.
             The game lasted 00:06:41 (4925 turns).

Anothat the Shield-Bearer (Gnoll Fighter)           Turns: 4925, Time: 00:06:42

Health: -10/47     AC:  0    Str: 17    XL:     6   Next: 62%
Magic:  9/9        EV:  7    Int:  7    God:
Gold:   189        SH:  5    Dex: 10    Spells: 9/9 levels left

rFire   . . .      SeeInvis .   a - +0 long sword
rCold   . . .      Faith    .   c - +0 buckler
rNeg    . . .      Spirit   .   f - +0 chain mail
rPois   .          Reflect  .   (no helmet)
rElec   .          Harm     .   (no cloak)
rCorr   .          Rampage  .   u - +0 pair of gloves
Will    .....                   (no boots)
Stlth   ..........              (no amulet)
HPRegen 0.15/turn               (no ring)
MPRegen 0.11/turn               (no ring)

@: corroded, hasted, very quick
A: fangs 1, strong nose, distributed training, clumsy 1, frail 1
a: no special abilities


You were on level 5 of the Dungeon.
You visited 1 branch of the dungeon, and saw 5 of its levels.

You collected 189 gold pieces.

Inventory:

Hand Weapons
 a - a +0 long sword (weapon)
Armour
 b - a +0 scale mail
 c - a +0 buckler (worn)
 f - a +0 chain mail (worn)
 u - a +0 pair of gloves (worn)
Jewellery
 h - a +6 ring of strength
 w - a ring of wizardry
 x - a +4 ring of protection
 A - an amulet of faith
Wands
 z - a wand of quicksilver (4)
 C - a wand of digging (9)
Scrolls
 g - 2 scrolls of magic mapping {unknown}
 k - 2 scrolls of identify {unknown}
 n - a scroll of brand weapon {unknown}
 o - 6 scrolls of teleportation {unknown}
 p - a scroll of blinking {unknown}
 q - 3 scrolls of fear {unknown}
 t - a scroll of amnesia {unknown}
 v - a scroll of silence {unknown}
 y - 2 scrolls of poison {unknown}
Potions
 d - 2 potions of might
 e - 5 potions of curing {unknown}
 i - a potion of berserk rage {unknown}
 j - 2 potions of mutation
 l - a potion of ambrosia {unknown}
 m - 2 potions of haste
 r - 2 potions of attraction {unknown}
 s - a potion of invisibility {unknown}
 B - a potion of heal wounds {unknown}


   Skills:
 + Level 6.9 Fighting
 + Level 2.1 Short Blades
 + Level 5.0 Long Blades
 + Level 2.1 Axes
 + Level 2.1 Maces & Flails
 + Level 2.1 Polearms
 + Level 2.1 Staves
 + Level 2.1 Ranged Weapons
 + Level 2.1 Throwing
 + Level 6.9 Armour
 + Level 2.1 Dodging
 + Level 2.1 Stealth
 + Level 6.9 Shields
 + Level 2.1 Unarmed Combat
 + Level 2.1 Spellcasting
 + Level 1.7 Conjurations
 + Level 1.7 Hexes
 + Level 1.7 Summonings
 + Level 1.7 Necromancy
 + Level 1.7 Translocations
 + Level 1.7 Transmutations
 + Level 1.7 Fire Magic
 + Level 1.7 Ice Magic
 + Level 1.7 Air Magic
 + Level 1.7 Earth Magic
 + Level 1.7 Poison Magic
 + Level 2.3 Invocations
 + Level 2.1 Evocations


You had 9 spell levels left.
You didn't know any spells.
Your spell library contained the following spells:

 Spells                   Type           Power      Damage    Failure   Level
 Apportation              Tloc           6%         N/A       95%         1
 Necrotise                Necr           12%        1d4       95%         1
 Summon Small Mammal      Summ           12%        N/A       95%         1
 Silence                  Hex/Air        1%         N/A       100%        5
 Storm Form               Tmut/Air       1%         N/A       100%        7


Dungeon Overview and Level Annotations

Branches:
Dungeon (5/15)
 Temple: D:4-7

Altars:
Nemelex Xobeh
Okawaru
Xom

Shops:
D:2 *=?(   D:3 (*(=

Annotations:
D:4 2 transporters


Innate Abilities, Weirdness & Mutations

You have very sharp teeth.
Your uncanny sense of smell can sniff out nearby items.
Your experience applies equally to all skills.
You are clumsy. (Dex -2)
You are frail. (-10% HP)


Message History

No target in view!
Things that are here:
a +0 hand axe; an orc corpse
y - 2 scrolls labelled POVVOCHI SICUNN (gained 1)
k - 2 scrolls labelled SAOTUCL GAUM (gained 1)
A jelly comes into view.
The jelly quivers.
A jelly is nearby!
You hit the jelly.
Your hands burn!
Your bite misses the jelly.
The jelly is moderately wounded.
The jelly hits you but does no damage. x2
You hit the jelly. The acid corrodes you!
Your hands burn!
The jelly is severely wounded.
The jelly hits you but does no damage.
You hit the jelly but do no damage.
Your hands burn!
You bite the jelly, but do no damage.
The jelly is severely wounded.
The jelly hits you. The acid corrodes you!
You are splashed with acid!
You hit the jelly but do no damage.
Your hands burn!
The jelly is severely wounded.
The jelly hits you.
You are splashed with acid!
You are too injured to fight recklessly!
You hit the jelly but do no damage.
Your hands burn!
* * * LOW HITPOINT WARNING * * *
The jelly is severely wounded.
The jelly hits you but does no damage. The jelly barely misses you.
You hit the jelly but do no damage.
Your hands burn!
* * * LOW HITPOINT WARNING * * *
The jelly is severely wounded.
The jelly closely misses you.
It was a potion of mutation.
You feel extremely strange.
You feel clumsy.
You feel frail. The jelly hits you.
* * * LOW HITPOINT WARNING * * *
The acid corrodes you!
You are splashed with acid!
* * * LOW HITPOINT WARNING * * *
It was a potion of haste.
You feel yourself speed up. The jelly hits you.
* * * LOW HITPOINT WARNING * * *
You are splashed with acid!
You die...

#...# . #...# . #...# .
#...# . #...# . #...#
###... #J..# ......
.###########@..# .....
...............# ###...
########...#.......
....... ####...#........
...... #...............
......
#..........#...##+#+#....
#..........#.#..........#
#.)........# #..........+
#.#############.........#


You could see a jelly.

Vanquished Creatures
  A necrophage (D:4)
  2 scorpions
  A jelly (D:4)
  An orc wizard (D:5)
  2 adders (D:3)
  2 worms
  2 dart slugs
  8 orcs
  7 ball pythons
  8 bats
  9 endoplasms
  3 giant cockroaches
  9 goblins
  3 hobgoblins
  10 jackals
  8 kobolds
  A quokka (D:3)
  2 frilled lizards
  3 rats
82 creatures vanquished.

Vanquished Creatures (others)
  A plant (D:3)
1 creature vanquished.

Grand Total: 83 creatures vanquished

Notes
Turn   | Place    | Note
-------+----------+-------------------------------------------
     0 | D:1      | Anothat the Gnoll Fighter began the quest for the Orb.
     0 | D:1      | Reached XP level 1. HP: 23/23 MP: 1/1
    57 | D:1      | Reached XP level 2. HP: 20/29 MP: 2/2
   648 | D:1      | Reached XP level 3. HP: 27/35 MP: 3/3
  1054 | D:1      | Reached skill level 1 in Invocations
  1353 | D:2      | Found Rigidugg's Antique Weapon Emporium.
  1374 | D:2      | Found Efuddan's Magic Scroll Emporium.
  1374 | D:2      | Found Juost's Jewellery Emporium.
  1396 | D:2      | Found Viuklaow's Magic Scroll Shop.
  1419 | D:2      | Found Goladghy's General Store.
  1543 | D:2      | Reached skill level 1 in Short Blades
  1543 | D:2      | Reached skill level 1 in Axes
  1543 | D:2      | Reached skill level 1 in Maces & Flails
  1543 | D:2      | Reached skill level 1 in Polearms
  1543 | D:2      | Reached skill level 1 in Staves
  1543 | D:2      | Reached skill level 1 in Ranged Weapons
  1543 | D:2      | Reached skill level 1 in Throwing
  1543 | D:2      | Reached skill level 1 in Dodging
  1543 | D:2      | Reached skill level 1 in Stealth
  1543 | D:2      | Reached skill level 1 in Unarmed Combat
  1543 | D:2      | Reached skill level 1 in Spellcasting
  1543 | D:2      | Reached skill level 1 in Evocations
  1788 | D:2      | You fall into a shaft and drop 2 floors!
  2032 | D:4      | Noticed a necrophage
  2047 | D:4      | Reached XP level 4. HP: 38/41 MP: 5/5
  2057 | D:4      | Killed a necrophage
  2058 | D:4      | Reached skill level 1 in Conjurations
  2058 | D:4      | Reached skill level 1 in Hexes
  2058 | D:4      | Reached skill level 1 in Summonings
  2058 | D:4      | Reached skill level 1 in Necromancy
  2058 | D:4      | Reached skill level 1 in Translocations
  2058 | D:4      | Reached skill level 1 in Transmutations
  2058 | D:4      | Reached skill level 1 in Fire Magic
  2058 | D:4      | Reached skill level 1 in Ice Magic
  2058 | D:4      | Reached skill level 1 in Air Magic
  2058 | D:4      | Reached skill level 1 in Earth Magic
  2058 | D:4      | Reached skill level 1 in Poison Magic
  2058 | D:4      | Reached XP level 5. HP: 45/47 MP: 5/7
  2109 | D:4      | Found a shimmering altar of Xom.
  2544 | D:3      | Found a faded altar of an unknown god.
  2562 | D:3      | Found Pizaonefe's Weapon Emporium.
  2729 | D:3      | Found Wimoc's Jewellery Shop.
  2788 | D:3      | Found a sparkling altar of Nemelex Xobeh.
  2942 | D:3      | Reached XP level 6. HP: 44/53 MP: 8/8
  3022 | D:3      | Found Raeppud's Antique Weapon Boutique.
  3051 | D:3      | Got Amor's Book of the Tempest
  3277 | D:3      | Found Puucop's Assorted Antiques.
  3349 | D:3      | Found an iron altar of Okawaru.
  3975 | D:4      | Found a transporter.
  4405 | D:4      | Reached skill level 5 in Long Blades
  4507 | D:4      | Found a transporter.
  4652 | D:5      | Entered Level 5 of the Dungeon
  4847 | D:5      | Identified the +1 leather armour of Anaesthesia {rC- Will-
                  | rCorr Int+8}
  4924 | D:5      | Gained mutation: You are clumsy. (Dex -2) [potion of
                  | mutation]
  4924 | D:5      | Gained mutation: You are frail. (-10% HP) [potion of
                  | mutation]
  4924 | D:5      | HP: 2/47 [acid (7)]
  4925 | D:5      | Splashed by a jelly's acid

Illustrated notes

Levels and vault maps discovered:
D:1:      dpeg_arrival_round_a, layout_basic, serial_curves, eino_curves_01,
          eino_curves_03
D:2:      layout_loops_ring, serial_shops, nicolae_shop_hallway_plus, shop,
          nicolae_shop_overgrown_old_shop, nicolae_shop_trees, shop,
          minmay_misc_feat_roman
D:3:      layout_loops_corners, kennysheep_okawaru_gauntlet,
          mainiacjoe_overflow_boulevard, shapermc_ecumenical_altar_acropolis,
          serial_shops, shop, shop_fountains, nicolae_shop_bloodbath_and_beyond,
          shop_statue
D:4:      gammafunk_wand_slinger, layout_layer_cave, general_overflow_altar,
          minmay_misc_feat_rugged, nrook_campfire, minmay_misc_feat_four_crosses
D:5:      minmay_goblin_kobold_castle, layout_basic, minmay_misc_feat_alley

Skill      XL: |  1  2  3  4  5  6 |
---------------+-------------------+-----
Invocations    | 1 2 |  2.3
Short Blades   | 1 2 |  2.1
Axes           | 1 2 |  2.1
Maces & Flails | 1 2 |  2.1
Polearms       | 1 2 |  2.1
Staves         | 1 2 |  2.1
Ranged Weapons | 1 2 |  2.1
Throwing       | 1 2 |  2.1
Dodging        | 1 2 |  2.1
Stealth        | 1 2 |  2.1
Unarmed Combat | 1 2 |  2.1
Spellcasting   | 1 2 |  2.1
Evocations     | 1 2 |  2.1
Conjurations   | 1 |  1.7
Hexes          | 1 |  1.7
Summonings     | 1 |  1.7
Necromancy     | 1 |  1.7
Translocations | 1 |  1.7
Transmutations | 1 |  1.7
Fire Magic     | 1 |  1.7
Ice Magic      | 1 |  1.7
Air Magic      | 1 |  1.7
Earth Magic    | 1 |  1.7
Poison Magic   | 1 |  1.7
Long Blades    | 5 |  5.0
Fighting       | |  6.9
Armour         | |  6.9
Shields        | |  6.9

Action                   |  1- 3 |  4- 6 || total
-------------------------+-------+-------++-------
Melee: Long sword        |   119 |   144 ||   263
       Bite              |    12 |    11 ||    23
  Use: Potion            |       |     3 ||     3
Armor: Scale mail        |    18 |       ||    18
       Chain mail        |    47 |    82 ||   129
Dodge: Dodged            |    41 |    54 ||    95
Block: Buckler           |    32 |    28 ||    60
